 Dungeon Crawl Stone Soup version 0.21.1-1-g345015f (webtiles) character file.

201 Iko the Charmwright (level 5, 0/46 HPs)
             Began as a Deep Dwarf Skald on July 13, 2018.
             Was an Initiate of Ru.
             Slain by a wyvern (11 damage)
             ... on level 9 of the Dungeon.
             The game lasted 00:08:34 (837 turns).

Iko the Charmwright (Deep Dwarf Skald)               Turns: 837, Time: 00:08:34

Health: 0/46       AC:  7    Str: 14    XL:     5   Next: 50%
Magic:  2/4        EV: 13    Int: 14    God:    Ru [......]
Gold:   72         SH:  0    Dex: 13    Spells: 6/7 levels left

rFire    . . .     SeeInvis .   f - +0 flail (curse)
rCold    . . .     Gourm    .   (no shield)
rNeg     . . .     Faith    .   b - +0 leather armour
rPois    .         Spirit   .   e - +2 helmet
rElec    .         Reflect  .   (no cloak)
rCorr    .         Harm     .   (no gloves)
MR       .....                  a - +0 pair of boots (curse)
Stlth    +.........             (no amulet)
HPRegen  0.00/turn              (no ring)
MPRegen  0.09/turn              (no ring)

@: infused (expiring), non-regenerating
A: damage resistance, heal wounds, sense surroundings 1, no regeneration
a: Heal Wounds, Renounce Religion


You were on level 9 of the Dungeon.
You worshipped Ru.
Ru was noncommittal.
You were not hungry.

You visited 1 branch of the dungeon, and saw 9 of its levels.

You collected 72 gold pieces.

Inventory:

Hand Weapons
 f - a cursed +0 flail (weapon)
 h - a +1 dagger of electrocution
Armour
 a - a cursed +0 pair of boots (worn)
 b - a +0 leather armour (worn)
 e - a +2 helmet (worn)
Wands
 g - a wand of iceblast (15)
 j - a wand of enslavement (15)
Scrolls
 i - a scroll of identify
 k - a scroll of teleportation
Books
 c - a book of Battle

   Spells                             Type                      Level
   a - Infusion                       Charms                       1
   b - Shroud of Golubria             Charms/Translocation         2
   c - Song of Slaying                Charms                       2
   d - Spectral Weapon                Hexes/Charms                 3
   e - Regeneration                   Charms/Necromancy            3
Comestibles
 d - 2 rations


   Skills:
 + Level 2.5 Fighting
 + Level 2.1 Maces & Flails
   Level 2.3 Polearms
 + Level 2.6 Armour
 + Level 3.1 Dodging
 + Level 1.9 Spellcasting
 + Level 3.4 Charms


You had 6 spell levels left.
You knew the following spells:

 Your Spells              Type           Power        Failure   Level  Hunger
a - Infusion              Chrm           ##..         7%          1    ##.....


Dungeon Overview and Level Annotations

Branches:
Dungeon (9/15)
 Temple: D:4-7         Lair: D:8-11         Orc: D:9-12

Altars:
Elyvilon
Ru

Shops:
D:5 =


Innate Abilities, Weirdness & Mutations

You are resistant to damage.
You can heal yourself by infusing magical energy.
You passively map a small area around you.
You do not regenerate.


Message History

The wyvern completely misses you. The wyvern bites you!
* * * LOW HITPOINT WARNING * * *
You feel much better. The wyvern bites you.
You hit the wyvern!
The wyvern is severely wounded.
Your magical infusion is running out.
The wyvern closely misses you. The wyvern bites you!
* * * LOW HITPOINT WARNING * * *
You hit the wyvern.
The wyvern is almost dead.
The wyvern closely misses you. The wyvern barely misses you.
You feel much better. The wyvern closely misses you. The wyvern bites you!
You barely miss the wyvern.
The wyvern is almost dead.
The wyvern bites you. The wyvern bites you!
* * * LOW HITPOINT WARNING * * *
You barely miss the wyvern.
The wyvern is almost dead.
The wyvern bites you!
You die...

, , ......... , * * *
######..# #..# , , #..#
, , , #..# ,, * #..# , ,
#..# ,
..###################..#
,
......l@................
*
########################


You could see a wyvern.

Vanquished Creatures
  Jessica (D:2)
  An orc wizard (D:3)
  A worker ant (D:7)
  Ijyb (D:3)
  5 adders
  An adder skeleton (D:7)
  A worm (D:3)
  A dart slug (D:1)
  6 orcs
  3 ball pythons (D:3)
  2 giant cockroaches
  3 goblins
  3 hobgoblins
  8 jackals
  4 kobolds
  A quokka (D:3)
  A frilled lizard (D:1)
  A rat (D:3)
44 creatures vanquished.

Notes
Turn   | Place    | Note
-------+----------+-------------------------------------------
     0 | D:1      | Iko the Deep Dwarf Skald began the quest for the Orb.
     0 | D:1      | Reached XP level 1. HP: 19/19 MP: 3/3
   133 | D:1      | Reached XP level 2. HP: 26/26 MP: 4/4
   189 | D:2      | Noticed Jessica
   201 | D:2      | Killed Jessica
   201 | D:2      | Reached XP level 3. HP: 28/32 MP: 5/5
   334 | D:3      | Reached XP level 4. HP: 34/39 MP: 5/5
   352 | D:3      | Found a sacrificial altar of Ru.
   404 | D:3      | Became a worshipper of Ru the Awakened
   420 | D:3      | Noticed Ijyb
   432 | D:3      | Killed Ijyb
   432 | D:3      | Reached skill level 1 in Maces & Flails
   516 | D:3      | Reached XP level 5. HP: 32/46 MP: 6/6
   523 | D:3      | Found a white marble altar of Elyvilon.
   664 | D:5      | Entered Level 5 of the Dungeon
   687 | D:5      | Found Hyseopu's Jewellery Shop.
   712 | D:6      | Noticed an orc warrior
   785 | D:8      | Noticed a sky beast
   790 | D:8      | Noticed an orc warrior
   817 | D:9      | Noticed a wyvern
   837 | D:9      | Slain by a wyvern

Skill      XL: |  1  2  3  4  5 |
---------------+----------------+-----
Charms         | 3 |  3.4
Polearms       | 2 |  2.3
Fighting       | 2 |  2.5
Armour         | 2 |  2.6
Maces & Flails | 1 2 |  2.1
Dodging        | 3 |  3.1
Spellcasting   | |  1.9

Action                   |  1- 3 |  4- 6 || total
-------------------------+-------+-------++-------
Melee: Spear             |    69 |       ||    69
       Flail             |    30 |   106 ||   136
 Cast: Infusion          |       |     1 ||     1
 Abil: Heal Wounds       |     2 |     7 ||     9
  Use: Potion            |     1 |     1 ||     2
       Scroll            |     3 |     2 ||     5
Armor: Leather armour    |    32 |    62 ||    94
Dodge: Dodged            |    82 |    95 ||   177
